 Dungeon Crawl Stone Soup version 0.15-a0-1632-gd490d05 (console) character file.

14618 Kellhus the Arsonist (level 12, -10/66 HPs)
             Began as an Octopode Wizard on June 21, 2014.
             Was an Elder of Vehumet.
             Engulfed by a cloud of freezing vapour (15 damage)
             ... in an ice cave.
             The game lasted 00:40:48 (17562 turns).

Kellhus the Arsonist (Octopode Wizard)             Turns: 17562, Time: 00:40:48

HP -10/66        AC  1     Str  6      XL: 12   Next: 18%
MP   0/30        EV 12     Int 27      God: Vehumet [****..]
Gold 427         SH  0     Dex 11      Spells:  8 memorised,  7 levels left

rFire  + . .     SeeInvis .     n - +3 dagger (elec)
rCold  + . .     Clarity  .     (no shield)
rNeg   . . .     rCorr    .     m - +0 hat of the Seven Moons {rElec rF+ Int+2}
rPois  .         rRot     .     (no amulet)
rElec  +         Spirit   .     g - ring of protection from fire
SustAb .         Warding  .     i - ring of teleport control
rMut   .         Stasis   .     Q - ring of ice
Gourm  .                        (no ring)
MR     .....                    (no ring)
                                (no ring)
                                (no ring)
                                (no ring)

@: about to teleport, repel missiles, not resistant to hostile enchantments,
fairly stealthy
A: almost no armour, amphibious, 8 rings, constrict 8, camouflage 1, gelatinous
body 1
a: Renounce Religion, Evoke Teleport Control


You were in an ice cave.
You worshipped Vehumet.
Vehumet was greatly pleased with you.
You were not hungry.

You visited 3 branches of the dungeon, and saw 13 of its levels.
You also visited: Ossuary and Ice Cave.

You collected 427 gold pieces.

Inventory:

Hand weapons
 n - a +3 dagger of electrocution (weapon)
Armour
 m - the +0 hat of the Seven Moons (worn) {rElec rF+ Int+2}
   (You found it on level 9 of the Dungeon)

   It affects your intelligence (+2).
   It protects you from fire.
   It insulates you from electricity.
 S - the +2 pair of gloves "Zaixkao" {Str+4 Dex+5, unknown}
   (You found it on level 1 of the Lair of Beasts)

   It affects your strength (+4).
   It affects your dexterity (+5).
Magical devices
 q - a wand of magic darts (14) {unknown}
 t - a wand of teleportation (5)
 y - a wand of draining (0)
 J - a wand of draining (0)
 L - a wand of fireball (0)
 P - a wand of confusion (8)
 T - a wand of magic darts (9) {unknown}
 V - a wand of magic darts (15) {unknown}
Comestibles
 d - 2 bread rations
 z - 2 royal jellies
 B - a slice of pizza
 I - 4 meat rations
 N - 2 beef jerkies
 O - 12 fruits
Scrolls
 f - 8 scrolls of teleportation
 l - 7 scrolls of remove curse
 o - 4 scrolls of random uselessness
 p - a scroll of magic mapping
 Z - a scroll of amnesia
Jewellery
 b - the ring of Vehum {Fire rN+}
   (You found it on level 2 of the Lair of Beasts)

   [ring of fire]

   It enhances your fire magic, and weakens your ice magic.
   It protects you from fire.
   It makes you vulnerable to cold.
   It protects you from negative energy.
 g - a ring of protection from fire (left tentacle)
 i - a ring of teleport control (right tentacle)
 Q - a ring of ice (on tentacle)
 U - an uncursed amulet of stasis
Books
 c - a book of Minor Magic

   Spells                             Type                      Level
   *Magic Dart                        Conjuration                  1
   *Blink                             Translocation                2
   Call Imp                           Summoning                    2
   *Repel Missiles                    Charms/Air                   2
   Slow                               Hexes                        2
   *Conjure Flame                     Conjuration/Fire             3
   *Mephitic Cloud                    Conjuration/Poison/Air       3
 K - a book of Fire

   Spells                             Type                      Level
   Ignite Poison                      Fire/Transmutation           5
   *Fireball                          Conjuration/Fire             5
   *Bolt of Fire                      Conjuration/Fire             6
   Delayed Fireball                   Conjuration/Fire             7
   Ring of Flames                     Charms/Fire                  7


   Skills:
 - Level 2.0 Dodging
 - Level 2.6 Stealth
 - Level 9.7 Spellcasting
 + Level 11.4 Conjurations
   Level 1.0 Summonings
 - Level 1.0 Translocations
 + Level 11.9 Fire Magic


You had 7 spell levels left.
You knew the following spells:

 Your Spells              Type           Power        Failure   Level  Hunger
a - Flame Tongue          Conj/Fire      #####        1%          1    None
b - Conjure Flame         Conj/Fire      #####...     1%          3    None
c - Mephitic Cloud        Conj/Pois/Air  ####....     1%          3    None
d - Magic Dart            Conj           ####         1%          1    None
e - Fireball              Conj/Fire      #####.....   1%          5    ###....
f - Bolt of Fire          Conj/Fire      #####.....   2%          6    #####..
l - Blink                 Tloc           N/A          6%          2    None
r - Repel Missiles        Chrm/Air       ##....       10%         2    None


Dungeon Overview and Level Annotations

Branches:
Dungeon (9/15)             Temple (1/1) D:5            Lair (3/8) D:9
    Orc: D:9-12       Swamp: Lair:3-6    Shoals: Lair:3-6     Snake: Lair:3-6
 Spider: Lair:3-6

Altars:
Ashenzari
Cheibriados
Dithmenos
Elyvilon
Fedhas
Gozag
Kikubaaqudgha
Makhleb
Nemelex Xobeh
Okawaru
Qazlal
Sif Muna
Trog
Vehumet
Xom
Yredelemnul
Zin
The Shining One

Shops:
D:4 }

Annotations:
D:8 ReteAZ's ghost, experienced DrSu


Innate Abilities, Weirdness & Mutations

You cannot wear most types of armour.
You are amphibious.
You can wear up to eight rings at the same time.
You can use your tentacles to constrict many enemies at once.
Your skin changes colour to match your surroundings (Stealth).
Your rubbery body absorbs attacks (AC +1).


Message History

The blue devil hits you!
You are engulfed in freezing vapours.
You resist.
* * * LOW HITPOINT WARNING * * *
Casting: Flame Tongue
Confirm with . or Enter, or press ? or * to list all spells.
Aiming: Flame Tongue
Press: ? - help, Shift-Dir - straight line, f/p - blue devil
Aim: a blue devil (freezing vapour, almost dead)
You feel a numb sensation.
You hear a sizzling sound!
You are engulfed in freezing vapours.
You resist.
* * * LOW HITPOINT WARNING * * *
Read which item? (? for menu, Esc to quit)
Okay, then.
You aren't carrying any potions.
Evoke which item? (* to show all) (? for menu, Esc to quit)
Zapping:
t - a wand of teleportation {zapped: 1}
Press: ? - help, Shift-Dir - straight line, f - you, p - blue devil You feel strangely unstable.
You are engulfed in freezing vapours.
You resist.
You die...

..### ...## ....####
#...# .......######
###...##
..#.........##..[##...##
.###.#........§§.[###..#
## ######..##.§§§§##...#
# #...## §.§####§.##
#...###§###§§§###
##....###§@4§##
##.§.§§§§.### ###..§§###
######


You could see a blue devil.

Vanquished Creatures
  A hydra (Lair:1)
  2 ice statues (IceCv)
  An ice devil (IceCv)
  Pikel (D:7)
  Joseph (D:8)
  A griffon (Lair:3)
  4 spiny frogs (Lair:1)
  2 komodo dragons
  6 blue devils (IceCv)
  2 basilisks
  A wyvern (Lair:2)
  A deep elf mage (D:9)
  4 water moccasins
  The ghost of DasRunzen the Skirmisher, an average DsCK of Xom (D:5)
  A steam dragon (Lair:3)
  A hungry ghost (D:8)
  10 yaks (Lair:1)
  2 hippogriffs
  A sky beast (D:5)
  3 black bears
  10 ice beasts
  A necrophage (D:8)
  2 slaves (D:7)
  2 centaurs
  4 orc warriors
  4 ogres
  Sigmund (D:2)
  6 giant frogs
  3 crocodiles (Lair:2)
  A hippogriff zombie (D:7)
  A yak zombie (D:9)
  A scorpion (D:9)
  A troll zombie (D:5)
  8 killer bees (D:7)
  2 crimson imps
  A goliath beetle (D:6)
  A human zombie (Ossuary)
  An electric eel (Lair:2)
  8 hounds
  2 centaur zombies (Ossuary)
  A giant frog skeleton (D:6)
  3 quasits
  4 orc priests
  5 orc wizards
  5 iguanas
  4 worker ants
  A killer bee zombie (D:5)
  Ijyb (D:7)
  A big kobold zombie (Ossuary)
  6 sheep (Lair:2)
  2 mummies (Ossuary)
  6 gnolls
  17 green rats
  11 adders
  A giant mite (D:1)
  2 shadow imps
  6 white imps (IceCv)
  2 inept feature mimics
  4 ufetubi (IceCv)
  An orc skeleton (D:6)
  6 giant geckos
  3 oozes
  39 orcs
  18 bats
  A bat skeleton (D:6)
  4 giant cockroaches
  12 goblins
  12 hobgoblins
  6 jackals
  4 quokkas
  A giant newt (D:4)
  A giant newt skeleton (D:4)
  2 giant spores (D:7)
  A goblin skeleton (D:5)
  13 kobolds
  2 kobold zombies (Ossuary)
  3 orc zombies
  10 rats
  A ballistomycete (D:7)
  A bush (Lair:2)
  A plant (Lair:1)
330 creatures vanquished.

Vanquished Creatures (others)
  2 slaves (D:7)
  2 killer bees (D:7)
  A white imp (IceCv)
  An ufetubus (IceCv)
  A kobold (D:7)
  2 plants (D:9)
9 creatures vanquished.

Grand Total: 339 creatures vanquished

Notes
Turn   | Place    | Note
--------------------------------------------------------------
     0 | D:1      | Kellhus, the Octopode Wizard, began the quest for the Orb.
     0 | D:1      | Reached XP level 1. HP: 11/11 MP: 4/4
   411 | D:1      | Reached XP level 2. HP: 17/17 MP: 1/6
  1056 | D:1      | Reached XP level 3. HP: 21/21 MP: 5/7
  2030 | D:2      | Noticed Sigmund
  2158 | D:1      | Learned a level 3 spell: Mephitic Cloud
  2324 | D:2      | Reached XP level 4. HP: 27/27 MP: 6/9
  2806 | D:2      | Killed Sigmund
  2806 | D:2      | Reached skill level 4 in Conjurations
  2806 | D:2      | Reached XP level 5. HP: 31/31 MP: 7/11
  3085 | D:3      | Reached skill level 5 in Conjurations
  3449 | D:4      | Noticed an ogre
  3461 | D:4      | Killed an ogre
  3461 | D:4      | Reached skill level 6 in Conjurations
  3461 | D:4      | Reached XP level 6. HP: 36/36 MP: 8/12
  3533 | D:4      | Learned a level 3 spell: Conjure Flame
  3574 | D:4      | Noticed an ogre
  3578 | D:4      | Killed an ogre
  3655 | D:4      | Found Gruf's Gadget Shoppe.
  3728 | D:4      | Noticed an ice beast
  3801 | D:4      | Found a sand-covered staircase.
  3806 | Ossuary  | Entered an ossuary
  3952 | Ossuary  | Reached skill level 7 in Conjurations
  3952 | Ossuary  | Reached XP level 7. HP: 33/41 MP: 8/14
  4562 | D:4      | Killed an ice beast
  5002 | D:4      | Reached skill level 5 in Spellcasting
  5047 | D:4      | Learned a level 2 spell: Blink
  5050 | D:4      | Learned a level 2 spell: Repel Missiles
  5435 | D:5      | Entered Level 5 of the Dungeon
  5444 | D:5      | Found a staircase to the Ecumenical Temple.
  5460 | D:5      | Noticed DasRunzen's ghost (average DsCK)
  5464 | D:5      | Reached XP level 8. HP: 46/46 MP: 3/20
  6509 | D:5      | Killed DasRunzen's ghost
  6509 | D:5      | Reached skill level 8 in Conjurations
  7090 | Temple   | Entered the Ecumenical Temple
  7283 | Temple   | Became a worshipper of Vehumet
  7334 | D:6      | Found a deep blue altar of Sif Muna.
  7389 | D:6      | Reached skill level 9 in Conjurations
  7804 | D:6      | Reached XP level 9. HP: 51/51 MP: 18/22
  8023 | D:6      | Reached skill level 10 in Conjurations
  8150 | D:6      | Found a snail-covered altar of Cheibriados.
  8359 | D:6      | Acquired Vehumet's first power
  8359 | D:6      | Offered knowledge of Flame Tongue by Vehumet.
  8362 | D:6      | Learned a level 1 spell: Flame Tongue
  8601 | D:7      | Reached skill level 1 in Fire Magic
  8691 | D:7      | Noticed Ijyb
  9270 | D:7      | Killed Ijyb
  9715 | D:7      | Learned a level 5 spell: Fireball
 10091 | D:7      | Noticed Pikel
 10095 | D:7      | Killed Pikel
 10369 | D:7      | Offered knowledge of Shock by Vehumet.
 10733 | D:8      | Noticed Joseph
 10906 | D:8      | Reached XP level 10. HP: 46/56 MP: 14/23
 10922 | D:8      | HP: 2/56 [hippogriff (4)]
 11198 | D:8      | Noticed ReteAZ's ghost (experienced DrSu)
 11917 | D:8      | Killed Joseph
 12382 | D:9      | Got an ancient hat
 12386 | D:9      | Identified the +0 hat of the Seven Moons {rElec rF+ Int+2} (You found it on level 9 of the Dungeon)
 12442 | D:9      | Offered knowledge of Throw Flame by Vehumet.
 12832 | D:9      | Found a staircase to the Lair.
 13258 | Lair:1   | Entered Level 1 of the Lair of Beasts
 13258 | Lair:1   | Noticed a five-headed hydra
 13271 | Lair:1   | Killed a five-headed hydra
 13271 | Lair:1   | Reached skill level 10 in Fire Magic
 13537 | Lair:1   | Acquired Vehumet's second power
 13735 | Lair:1   | Reached skill level 11 in Fire Magic
 13735 | Lair:1   | Reached XP level 11. HP: 61/61 MP: 8/25
 14458 | Lair:1   | Offered knowledge of Dazzling Spray by Vehumet.
 15150 | Lair:1   | Got a pair of brightly glowing gloves
 15189 | Lair:1   | Learned a level 6 spell: Bolt of Fire
 16337 | Lair:2   | Got a brightly glowing tin ring
 16523 | Lair:3   | Acquired Vehumet's third power
 16580 | Lair:3   | Found a frozen archway.
 16686 | Lair:3   | Offered knowledge of Force Lance by Vehumet.
 16812 | IceCv    | Entered an ice cave
 16938 | IceCv    | Identified the ring of Vehum {Fire rN+} (You found it on level 2 of the Lair of Beasts)
 17114 | IceCv    | Noticed an ice statue
 17114 | IceCv    | Noticed an ice statue
 17117 | IceCv    | Killed an ice statue
 17346 | IceCv    | Killed an ice statue
 17346 | IceCv    | Reached XP level 12. HP: 66/66 MP: 19/30
 17461 | IceCv    | Noticed an ice devil
 17471 | IceCv    | Killed an ice devil
 17562 | IceCv    | Engulfed by a cloud of freezing vapour

Action                   |  1- 3 |  4- 6 |  7- 9 | 10-12 || total
-------------------------+-------+-------+-------+-------++-------
Melee: Unarmed           |     8 |       |       |       ||     8
       Dagger            |       |    21 |    37 |    12 ||    70
 Cast: Magic Dart        |    76 |    57 |   318 |    11 ||   462
       Mephitic Cloud    |       |     4 |    14 |     1 ||    19
       Conjure Flame     |       |     2 |    19 |     4 ||    25
       Repel Missiles    |       |       |     1 |       ||     1
       Flame Tongue      |       |       |   126 |   205 ||   331
       Fireball          |       |       |     4 |   102 ||   106
       Blink             |       |       |       |     4 ||     4
Evoke: Wand              |       |       |       |    16 ||    16
  Use: Scroll            |       |       |    17 |     8 ||    25
       Potion            |       |       |     9 |     3 ||    12
 Stab: Confused          |       |       |     2 |     1 ||     3
